Map: Odyssey LE

Players

Harstem

  • Race: Protoss Protoss
  • Spawn Location: 5:00

JonSnow - Winner!

  • Race: Zerg Zerg
  • Spawn Location: 11:00

Event: WCS Montreal 2017

VOD

Have the link to the VOD?

Description

Time

  • Played on: Sept. 8, 2017, 4:02 p.m.
  • Length: 12:50

All games in this series

Show
View Real Time Build Order
Export as new Build Order

Harstem Protoss 

Build Orders: 1 Gate Expand, Oracle Opening 

Get SALT Encoding   

  12  0:00  Probe (Chrono Boost)  
  13  0:11  Probe (Chrono Boost)  
  14  0:18  Pylon  
  14  0:22  Probe (Chrono Boost)  
  15  0:36  Probe (Chrono Boost)  
  15  0:39  Gateway  
  16  0:44  Assimilator  
  16  0:47  Probe (Chrono Boost)  
  17  0:57  Probe (Chrono Boost)  
  18  1:08  Probe (Chrono Boost)  
  20  1:18  Probe (Chrono Boost)  
  20  1:25  Nexus  
  20  1:34  Cybernetics Core  
  20  1:36  Probe (Chrono Boost)  
  22  1:47  Probe (Chrono Boost), Assimilator  
  22  1:53  Pylon  
  22  1:57  Probe (Chrono Boost)  
  23  2:11  Probe (Chrono Boost), Adept  
  26  2:21  Stargate  
  26  2:22  Probe (Chrono Boost)  
  27  2:31  Warp Gate  
  27  2:32  Probe (Chrono Boost)  
  27  2:36  Probe (Chrono Boost)  
  28  2:41  Stalker (Chrono Boost)  
  28  2:43  Probe  
  32  2:46  Probe  
  33  2:55  Probe (Chrono Boost)  
  33  2:57  Probe (Chrono Boost)  
  35  3:07  Probe (Chrono Boost), Oracle (Chrono Boost)  
  35  3:08  Probe (Chrono Boost)  
  40  3:15  Gateway  
  40  3:16  Pylon  
  40  3:18  Probe  
  40  3:19  Probe  
  42  3:21  Adept  
  44  3:28  Probe  
  44  3:31  Probe, Assimilator  
  46  3:37  Assimilator  
  46  3:39  Probe  
  50  3:41  Oracle (Chrono Boost)  
  50  3:43  Probe  
  50  3:45  Pylon  
  51  3:49  Probe  
  51  3:55  Probe  
  53  3:56  Pylon  
  53  4:00  Probe  
  54  4:07  Stargate, Probe  
  55  4:11  Probe  
  56  4:19  Probe, Oracle (Chrono Boost)  
  56  4:21  Probe  
  61  4:31  Probe, Pylon  
  61  4:36  Nexus  
  62  4:38  Probe  
  62  4:39  Pylon  
  63  4:49  Oracle (Chrono Boost), Pylon  
  63  4:51  Oracle (Chrono Boost)  
  63  4:52  Probe  
  70  4:55  Probe, Adept  
  73  5:02  Stalker  
  76  5:08  Probe  
  76  5:09  Mothership Core  
  78  5:20  Probe  
  79  5:22  Oracle (Chrono Boost)  
  79  5:28  Forge  
  82  5:29  Twilight Council  
  82  5:30  Probe  
  82  5:32  Probe  
  84  5:42  Probe (Chrono Boost), Oracle (Chrono Boost)  
  85  5:45  Probe (Chrono Boost)  
  85  5:46  Zealot x2  
  85  5:49  Oracle  
  93  5:50  Probe (Chrono Boost)  
  93  5:53  Probe (Chrono Boost)  
  99  5:58  Probe (Chrono Boost)  
  99  6:01  Probe (Chrono Boost)  
  101  6:04  Probe (Chrono Boost)  
  101  6:05  Assimilator, Pylon  
  101  6:10  Probe (Chrono Boost)  
  101  6:11  Probe (Chrono Boost)  
  101  6:14  Probe (Chrono Boost), Zealot  
  101  6:15  Zealot  
  88  6:22  Probe x2 (Chrono Boost)  
  88  6:25  Probe (Chrono Boost)  
  88  6:35  Nexus  
  88  6:38  Pylon  
  88  6:40  Protoss Ground Weapons Level 1  
  88  6:42  Pylon  
  88  6:46  Charge (Chrono Boost)  
  88  6:56  Probe x2  
  88  6:57  Zealot  
  88  7:01  Sentry  
  94  7:08  Probe x2  
  92  7:20  Probe x2 (Chrono Boost)  
  92  7:22  Oracle x2  
  93  7:28  Photon Cannon, Zealot  
  101  7:31  Probe (Chrono Boost)  
  101  7:35  Gateway  
  101  7:36  Gateway  
  102  7:37  Gateway  
  102  7:38  Templar Archives  
  102  7:43  Pylon  
  102  7:47  Probe x2 (Chrono Boost)  
  102  7:48  Probe (Chrono Boost), Pylon  
  105  7:57  Probe x2 (Chrono Boost)  
  108  7:58  Probe (Chrono Boost)  
  111  8:08  Probe x2 (Chrono Boost)  
  111  8:09  Psionic Storm  
  111  8:10  Assimilator  
  110  8:14  Gateway  
  110  8:15  Gateway  
  110  8:16  Zealot  
  110  8:18  Gateway  
  110  8:19  High Templar  
  113  8:21  Probe  
  113  8:23  Pylon  
  113  8:25  Probe  
  115  8:28  Pylon  
  115  8:39  High Templar  
  115  8:40  High Templar x2  
  115  8:41  Protoss Ground Weapons Level 2 (Chrono Boost), High Templar  
  121  8:46  Nexus  
  123  8:49  Pylon  
  123  8:53  Probe  
  123  8:55  Pylon  
  124  9:01  Probe, Zealot  
  127  9:04  Photon Cannon  
  127  9:09  Photon Cannon  
  127  9:11  Probe  
  128  9:17  High Templar x2, Photon Cannon  
  128  9:18  High Templar  
  128  9:21  Photon Cannon  
  134  9:25  High Templar, Zealot  
  134  9:26  Zealot  
  134  9:29  Pylon  
  134  9:30  Probe  
  141  9:31  Probe, Archon  
  141  9:34  Assimilator  
  141  9:36  Probe  
  143  9:40  Robotics Facility  
  143  9:42  Probe  
  144  9:46  Probe  
  144  9:47  Fleet Beacon  
  144  9:49  Zealot x3  
  144  9:51  Probe  
  148  9:58  Zealot x3  
  155  10:12  Probe  
  156  10:15  Protoss Air Weapons Level 1 (Chrono Boost)  
  156  10:16  Pylon  
  156  10:17  High Templar x2  
  156  10:18  Zealot x3  
  166  10:27  Archon  
  164  10:29  Photon Cannon  
  164  10:30  Photon Cannon x2  
  164  10:33  Pylon  
  161  10:48  Zealot x4  
  163  10:53  Zealot  
  163  10:54  Zealot  
  163  10:57  Zealot x2  
  152  11:08  Zealot x2  
  152  11:11  Zealot x2  
  106  11:14  Probe x3 (Chrono Boost)  
  106  11:15  Probe (Chrono Boost)  
  106  11:17  Zealot x4  
  106  11:20  Carrier (Chrono Boost)  
  106  11:24  Probe (Chrono Boost)  
  106  11:25  Probe x2 (Chrono Boost)  
  107  11:26  Probe (Chrono Boost)  
  107  11:27  Carrier (Chrono Boost)  
  122  11:34  High Templar x4  
  122  11:37  Probe  
  122  11:38  Probe  
  132  11:41  Photon Cannon  
  134  11:54  Mothership Core (Chrono Boost)  
  134  11:55  High Templar  
  134  11:57  Zealot x2, Robotics Facility  
  140  12:03  Photon Cannon  
  138  12:11  High Templar x2  
  138  12:13  Zealot x3  
  134  12:20  Zealot x2  
  126  12:28  Zealot  
  102  12:40  Zealot x4  
  102  12:41  Zealot  
  102  12:43  Archon  
  102  12:44  Archon  
  92  12:45  Zealot x2  
Show
View Real Time Build Order
Export as new Build Order

JonSnow Zerg - Winner!

Build Orders: Hatch First 

Get SALT Encoding   

  12  0:00  Drone  
  13  0:13  Overlord  
  13  0:17  Drone  
  14  0:31  Drone x2  
  14  0:35  Drone  
  17  0:53  Hatchery  
  17  0:55  Drone  
  17  0:58  Drone  
  18  1:09  Extractor  
  17  1:14  Spawning Pool  
  17  1:17  Drone  
  17  1:20  Drone  
  18  1:28  Overlord  
  19  1:40  Drone  
  19  1:57  Drone  
  20  2:01  Drone  
  20  2:03  Queen  
  20  2:05  Queen, Zergling x2  
  26  2:11  Metabolic Boost  
  26  2:13  Drone  
  27  2:16  Drone  
  28  2:23  Zergling x2  
  29  2:35  Hatchery  
  28  2:40  Drone x2  
  28  2:42  Drone  
  31  2:47  Drone  
  31  2:49  Drone  
  33  2:55  Drone  
  33  2:56  Queen  
  36  3:01  Overlord  
  36  3:16  Drone, Evolution Chamber  
  37  3:20  Drone x3  
  37  3:21  Drone x2  
  37  3:25  Drone  
  42  3:31  Overlord  
  42  3:36  Drone  
  43  3:42  Zerg Melee Weapons Level 1  
  43  3:44  Overlord  
  43  3:46  Queen, Overlord  
  45  3:50  Drone x3  
  48  3:56  Drone x3  
  48  3:57  Drone  
  48  4:01  Drone x2  
  54  4:10  Spore Crawler x2  
  54  4:12  Drone x2  
  54  4:15  Drone x3  
  53  4:21  Spore Crawler  
  53  4:22  Drone  
  54  4:24  Drone  
  54  4:25  Drone  
  54  4:28  Drone x2  
  57  4:34  Baneling Nest  
  57  4:35  Zergling x4  
  57  4:36  Zergling x2  
  59  4:40  Overlord  
  59  4:46  Drone x3  
  59  4:50  Drone  
  59  4:52  Overlord  
  63  4:53  Overlord  
  63  4:57  Zergling x12  
  68  5:02  Zergling x2  
  68  5:03  Zergling x2  
  70  5:07  Overlord  
  70  5:08  Overlord  
  70  5:17  Zergling x2  
  71  5:21  Zergling x2  
  71  5:22  Zergling x2  
  71  5:26  Zergling x2  
  71  5:27  Extractor, Zergling x8  
  77  5:30  Zergling x2  
  77  5:31  Zergling x4  
  77  5:33  Hatchery, Lair  
  79  5:39  Baneling  
  79  5:40  Baneling x6  
  79  5:42  Extractor  
  79  5:43  Extractor, Zergling x2  
  79  5:44  Zergling x6  
  79  5:47  Zergling x2  
  82  5:50  Extractor  
  82  5:53  Drone  
  82  5:54  Drone  
  82  5:55  Extractor, Drone  
  83  5:58  Drone x3  
  83  6:03  Drone x4  
  90  6:11  Zergling x2  
  88  6:14  Zergling x4  
  86  6:20  Zergling x2  
  86  6:24  Zergling x8  
  86  6:26  Spore Crawler  
  86  6:27  Spore Crawler  
  86  6:28  Spore Crawler  
  86  6:29  Spore Crawler  
  86  6:30  Spore Crawler  
  86  6:31  Zergling x10  
  81  6:33  Drone  
  81  6:36  Hydralisk Den  
  81  6:37  Queen x3  
  81  6:39  Drone  
  87  6:40  Zerg Missile Weapons Level 1  
  87  6:44  Drone x2  
  89  6:51  Drone x3  
  92  7:06  Spore Crawler  
  90  7:09  Drone  
  90  7:10  Spore Crawler, Drone x9  
  90  7:11  Spore Crawler x2  
  90  7:13  Overlord  
  94  7:18  Overlord  
  94  7:21  Muscular Augments  
  88  7:34  Overlord  
  88  7:36  Drone  
  89  7:38  Hydralisk x4  
  96  7:47  Drone x4  
  96  7:48  Drone x4  
  104  7:54  Hydralisk x2  
  104  7:55  Hydralisk x2  
  111  8:03  Hydralisk x4  
  118  8:09  Hydralisk x2  
  118  8:10  Hydralisk  
  118  8:20  Hydralisk x5  
  118  8:23  Centrifical Hooks  
  128  8:35  Drone x5  
  128  8:37  Drone x2  
  128  8:38  Overlord x3  
  128  8:39  Overlord  
  135  8:43  Baneling x4  
  135  8:51  Overlord x2  
  135  8:57  Extractor, Drone  
  135  9:00  Zerg Melee Weapons Level 2  
  135  9:01  Hydralisk x7  
  148  9:03  Zergling x2  
  148  9:04  Zergling x2  
  148  9:05  Zergling x2  
  148  9:07  Hydralisk  
  148  9:08  Zergling x2  
  152  9:11  Overseer  
  152  9:14  Pneumatized Carapace  
  152  9:18  Zergling x2  
  152  9:19  Zergling x6  
  156  9:25  Drone x3  
  156  9:30  Hydralisk  
  156  9:31  Hydralisk x4  
  161  9:32  Zergling x2  
  161  9:37  Hatchery  
  169  9:40  Overlord x2  
  169  9:42  Zergling x16  
  177  9:54  Baneling x7  
  177  9:55  Baneling x5  
  177  9:59  Zergling x20  
  187  10:01  Baneling x4  
  187  10:02  Baneling x2  
  188  10:07  Zergling x18  
  188  10:11  Hydralisk  
  188  10:13  Zergling x2  
  188  10:14  Overlord  
  199  10:29  Baneling x5  
  199  10:30  Baneling x2  
  199  10:45  Hydralisk  
  199  10:46  Zergling x2  
  194  10:51  Hydralisk x4  
  194  10:52  Zergling x4  
  196  11:02  Hydralisk  
  196  11:03  Hydralisk x11  
  196  11:04  Zergling x2  
  196  11:08  Hydralisk  
  196  11:09  Zergling x2, Hydralisk x3  
  156  11:12  Hydralisk  
  156  11:17  Hydralisk x2  
  156  11:18  Zergling x10  
  157  11:21  Hydralisk  
  157  11:22  Hydralisk  
  157  11:23  Zergling x2  
  157  11:25  Queen  
  161  11:29  Baneling x4  
  159  11:36  Hydralisk x3  
  159  11:37  Zergling x6  
  159  11:39  Baneling  
  168  11:40  Baneling x2  
  168  11:44  Zergling x12  
  171  11:47  Zergling x2  
  171  11:49  Baneling  
  171  11:50  Baneling x6  
  172  12:01  Zergling x28  
  173  12:04  Zergling x2  
  184  12:10  Overlord  
  184  12:14  Baneling x11  
  184  12:15  Baneling x5  
  173  12:30  Zergling x18  
Tags
 
Add a new tag
Caveats
  • Supply blocks, unpowered buildings, or Contaminate may cause inaccurate times.
  • Supply counts are checked every 10 seconds.